 Dungeon Crawl Stone Soup version 0.18-a0-60-g15541d7 (webtiles) character file.

43 kosy22 the Ducker (level 3, -6/35 HPs)
             Began as a Troll Warper on Nov 8, 2015.
             Killed from afar by a white imp (8 damage)
             ... with a puff of frost
             ... summoned by Natasha
             ... on level 2 of the Dungeon.
             The game lasted 00:05:39 (1109 turns).

kosy22 the Ducker (Troll Warper)                    Turns: 1109, Time: 00:05:40

Health: -6/35      AC:  6    Str: 20    XL:     3   Next: 37%
Magic:  4/4        EV: 10    Int:  9    God:
Gold:   29         SH:  0    Dex:  9    Spells: 1 memorised, 3 levels left

rFire  . . .     SeeInvis .       - Unarmed
rCold  . . .     Clarity  .     a - +1 robe
rNeg   . . .     SustAt   .     (no shield)
rPois  .         Gourm    +     (helmet restricted)
rElec  .         Spirit   .     (no cloak)
rCorr  .         Warding  .     (gloves unavailable)
rMut   .         Stasis   .     (boots unavailable)
MR     .....                    (no amulet)
Stlth  +.........               (no ring)
                                (no ring)

@: slowed, very slow, not resistant to hostile enchantments, very unstealthy
A: unfitting armour, claws 3, fast metabolism 3, gourmand, regeneration 2,
shaggy fur 1, tough skin 2
a: no special abilities


You were on level 2 of the Dungeon.
You were not hungry.

You visited 1 branch of the dungeon, and saw 2 of its levels.

You collected 29 gold pieces.

Inventory:

Missiles
 d - 3 tomahawks of dispersal (quivered)
Armour
 a - a +1 robe (worn)
Jewellery
 k - a cursed ring of teleportation {unknown}
Wands
 i - a wand of frost (27)
Scrolls
 c - a scroll of blinking
Potions
 g - a potion of flight {unknown}
 h - a potion of lignification {unknown}
 l - a potion of agility {unknown}
Books
 b - a book of Spatial Translocations

   Spells                             Type                      Level
   a - Apportation                    Translocation                1
   b - Blink                          Translocation                2
   c - Shroud of Golubria             Charms/Translocation         2
   d - Portal Projectile              Translocation                3
   e - Teleport Other                 Translocation                3
   f - Passage of Golubria            Translocation                4
Comestibles
 e - 3 bread rations
 f - a meat ration


   Skills:
 + Level 1.9 Fighting
 + Level 1.1 Throwing
 + Level 2.7 Dodging
 + Level 0.1 Stealth
 + Level 2.1 Unarmed Combat
 + Level 1.3 Spellcasting
 + Level 2.2 Translocations


You had 3 spell levels left.
You knew the following spells:

 Your Spells              Type           Power        Failure   Level  Hunger
a - Apportation           Tloc           #.........   14%         1    ##.....


Dungeon Overview and Level Annotations

Branches:
Dungeon (2/15)

Altars:

Annotations:
D:2 Natasha


Innate Abilities, Weirdness & Mutations

You are too large for most types of armour.
You have claws for hands.
Your metabolism is lightning-fast.
You like to eat raw meat.
You heal very quickly.
You are covered in fur (AC +1).
You have very tough skin (AC +2).


Message History

Natasha is almost dead.
The white imp hits you but does no damage.
You closely miss Natasha.
Natasha is almost dead.
Natasha mumbles some strange words.
The white imp gestures at you. The puff of frost hits you!
You closely miss Natasha.
Natasha is almost dead.
Natasha claws you.
* * * LOW HITPOINT WARNING * * *
The white imp gestures at you. The puff of frost hits you!
* * * LOW HITPOINT WARNING * * *
You closely miss Natasha.
Natasha is almost dead.
Natasha casts a spell at you.
You feel yourself slow down. The white imp gestures at you.
The puff of frost hits you!
You die...

####)... #. .# .
......# #. .#.
##..... #.#.#.
#...... #.... ##.>...
#...# ##.... # 55. #
#.... #.##h##.# #.###
#..5@...# ##'##
####.#### ##...##
#....# ##.....#
####.## ##.......
######...####......†.
............+........
######...####........
##.## ##....... #.#
###§....#


You could see Natasha and 3 white imps.

Vanquished Creatures
  An adder (D:2)
  A worm (D:2)
  2 ball pythons (D:1)
  4 bats
  2 bat zombies (D:2)
  4 hobgoblins
  A giant cockroach (D:1)
  2 giant newts (D:1)
  5 goblins (D:1)
  5 kobolds (D:1)
  A quokka skeleton (D:2)
  A quokka zombie (D:2)
  3 rats
32 creatures vanquished.

Notes
Turn   | Place    | Note
--------------------------------------------------------------
     0 | D:1      | kosy22 the Troll Warper began the quest for the Orb.
     0 | D:1      | Reached XP level 1. HP: 19/19 MP: 1/1
   121 | D:1      | Reached skill level 1 in Throwing
   287 | D:1      | Reached XP level 2. HP: 27/27 MP: 2/2
   932 | D:2      | Reached XP level 3. HP: 35/35 MP: 4/4
  1091 | D:2      | Noticed Natasha
  1109 | D:2      | Killed from afar by a white imp

Vault maps used:
D:1:      zelgadis_glass_arrival_small
D:2:      serial_undead, serial_undead_c, serial_undead_e, serial_undead_e,
          serial_undead_d, serial_undead_b, serial_undead_a, uniq_natasha

Action                   || total
-------------------------++-------
Melee: Unarmed           ||   113
Throw: Stone             ||     3
       Tomahawk          ||     2
  Use: Scroll            ||     3
  Eat: Chunk             ||     5
       Meat ration       ||     1
